 Dungeon Crawl Stone Soup version 0.27-a0-223-ge082b6e869 (webtiles) character file.

Game seed: 4054400663416089516

175 jasper the Grave Robber (level 5, -4/26 HPs)
             Began as a Vine Stalker Necromancer on Feb 1, 2021.
             Was an Initiate of Makhleb.
             Slain by a river rat (8 damage)
             ... in a sewer.
             The game lasted 00:04:51 (3483 turns).

jasper the Grave Robber (Vine Stalker Necromancer)  Turns: 3483, Time: 00:04:51

Health: -4/26      AC:  3    Str: 11    XL:     5   Next: 55%
Magic:  0/9        EV: 12    Int: 16    God:    Makhleb [......]
Gold:   110        SH:  4    Dex: 14    Spells: 3/8 levels left

rFire    . . .     SeeInvis .     - Unarmed
rCold    . . .     Faith    .   h - +0 buckler (curse)
rNeg     + . .     Spirit   +   a - +0 robe
rPois    .         Reflect  .   (no helmet)
rElec    .         Harm     .   (no cloak)
rCorr    .         Rampage  .   r - +0 pair of gloves
Will     .....                  (no boots)
Stlth    +.........             (no amulet)
HPRegen  0.48/turn              l - ring of positive energy
MPRegen  0.11/turn              (no ring)

@: about to teleport, very slow
A: fangs 2, regeneration 1, magic shield, antimagic bite, no potion heal 3
a: Renounce Religion


You were in a sewer.
You worshipped Makhleb.
Makhleb was noncommittal.
You visited 1 branch of the dungeon, and saw 4 of its levels.
You also visited: Sewer.

You collected 110 gold pieces.

Inventory:

Missiles
 b - 17 poisoned darts
 e - 73 bolts
Armour
 a - a +0 robe (worn)
 h - a cursed +0 buckler (worn)
 r - a +0 pair of gloves (worn)
Jewellery
 l - a ring of positive energy (left hand)
Scrolls
 c - a scroll of noise {unknown}
 d - a scroll of fear {unknown}
 f - 2 scrolls of teleportation
 k - a scroll of remove curse {unknown}
 m - a scroll of amnesia {unknown}
 n - a scroll of identify {unknown}
 o - a scroll of enchant armour {unknown}
Potions
 g - 2 potions of attraction {unknown}
 i - a potion of resistance {unknown}
 j - a potion of haste {unknown}
 p - a potion of heal wounds {unknown}
 q - a potion of degeneration {unknown}


   Skills:
 + Level 1.9 Fighting
 + Level 2.4 Dodging
 - Level 2.4 Stealth
 + Level 1.6 Shields
 * Level 3.1 Unarmed Combat
 - Level 2.1 Spellcasting
 - Level 4.0 Necromancy


You had 3 spell levels left.
You knew the following spells:

 Your Spells              Type           Power        Failure   Level
a - Pain                  Necr           56%          5%          1
b - Animate Skeleton      Necr           28%          5%          1
c - Vampiric Draining     Necr           7%           16%         3

Your spell library contained the following spells:

 Spells                   Type           Power        Failure   Level
 Animate Dead             Necr           7%           47%         4
 Agony                    Necr           14%          83%         5


Dungeon Overview and Level Annotations

Branches:
Dungeon (4/15)              Sewer (1/1)
 Temple: D:4-7

Altars:
Makhleb
Nemelex Xobeh

Annotations:
D:3 Sigmund


Innate Abilities, Weirdness & Mutations

You have extremely sharp teeth.
Your natural rate of healing is unusually fast.
When hurt, damage is shared between your health and your magic reserves.
Your bite disrupts and absorbs the magic of your enemies.
Potions cannot restore your health.


Message History

You barely miss the river rat. Your bite misses the river rat.
The river rat is severely wounded.
The river rat bites you. The river rat closely misses you.
You take 2 damage, and have 11/26 hp.
You now have 5/9 mp.
You hit the river rat but do no damage. Your bite misses the river rat.
The river rat is severely wounded.
The river rat bites you!
* * * LOW HITPOINT WARNING * * *
The river rat misses you.
You take 6 damage, and have 5/26 hp.
MASSIVE DAMAGE!!
You now have 2/9 mp.
The river rat bites you.
* * * LOW HITPOINT WARNING * * *
You take 2 damage, and have 3/26 hp.
You now have 1/9 mp.
Okay, then.
As you read the scroll labelled HAC QORACYLERU, it crumbles to dust.
You feel strangely unstable.
It was a scroll of teleportation.
The river rat bites you but does no damage.
You block the river rat's attack. The river rat bites you!
You die...

. ..
...######################
.....≈≈≈≈≈≈≈≈≈≈≈≈≈≈≈#...##
....≈≈≈≈≈≈.≈≈≈≈≈≈≈≈≈≈....#
....≈≈rrr@≈≈≈≈≈≈≈≈≈≈≈.∩..#
....≈≈≈≈r≈≈≈≈≈#≈≈≈≈≈÷.∩..#
#...≈≈≈≈≈≈≈≈.≈≈≈≈≈≈≈≈....#
###.#≈≈≈≈≈≈≈≈≈≈≈≈≈≈≈#...##
# #####################


You could see 2 river rats and 2 rats.

Vanquished Creatures
  A scorpion (D:4)
  4 adders
  An ooze (D:2)
  4 worms
  2 dart slugs (D:2)
  6 leopard geckos
  An orc (D:3)
  3 ball pythons
  4 giant cockroaches
  5 goblins
  6 hobgoblins
  3 jackals (D:4)
  4 kobolds
  A quokka (D:2)
  6 bats
  A frilled lizard (D:1)
  7 rats
59 creatures vanquished.

Notes
Turn   | Place    | Note
-------+----------+-------------------------------------------
     0 | D:1      | jasper the Vine Stalker Necromancer began the quest for the
                  | Orb.
     0 | D:1      | Reached XP level 1. HP: 9/9 MP: 4/4
   318 | D:1      | Reached skill level 1 in Unarmed Combat
   318 | D:1      | Reached XP level 2. HP: 13/14 MP: 4/6
   320 | D:1      | Learned a level 1 spell: Animate Skeleton
  1077 | D:2      | Reached XP level 3. HP: 12/17 MP: 7/7
  1319 | D:2      | Learned a level 3 spell: Vampiric Draining
  1334 | D:2      | Reached skill level 1 in Fighting
  2016 | D:2      | Gained mutation: Your natural rate of healing is unusually
                  | fast. [Vine Stalker growth]
  2016 | D:2      | Reached XP level 4. HP: 16/22 MP: 3/8
  2027 | D:2      | Reached skill level 1 in Shields
  2203 | D:2      | Found a burning altar of Makhleb.
  2259 | D:2      | Became a worshipper of Makhleb the Destroyer
  2350 | D:2      | Found a sparkling altar of Nemelex Xobeh.
  2857 | D:3      | Noticed Sigmund
  3034 | D:4      | Reached XP level 5. HP: 17/26 MP: 1/9
  3104 | D:4      | Found a glowing drain.
  3224 | Sewer    | Entered a sewer
  3483 | Sewer    | Slain by a river rat

Illustrated notes

Levels and vault maps discovered:
D:1:      dpeg_arrival_tiny_h, layout_rooms, minmay_pentomino_z4
D:2:      layout_loops_ring, lightli_temple_of_fire, nemelex_lonely_heart_becter
D:3:      gammafunk_wand_slinger, layout_basic, uniq_sigmund
D:4:      layout_loops_ring, gup_sewer_entry_glass, uniq_natasha
Sewer:    sewer_minmay_w

Skill      XL: |  1  2  3  4 |
---------------+-------------+-----
Unarmed Combat | 1 2 3 |  3.1
Fighting       | 1 |  1.9
Dodging        | 2 |  2.4
Shields        | 1 |  1.6
Stealth        | |  2.4
Spellcasting   | |  2.1
Necromancy     | |  4.0

Action                   |  1- 3 |  4- 6 || total
-------------------------+-------+-------++-------
Melee: Unarmed           |    41 |    88 ||   129
       Bite              |     8 |    27 ||    35
 Cast: Pain              |    56 |    39 ||    95
  Use: Scroll            |       |     1 ||     1
 Stab: Sleeping          |     1 |     1 ||     2
Armor: Robe              |     8 |    11 ||    19
Dodge: Dodged            |    37 |    50 ||    87
Block: Buckler           |     4 |    13 ||    17

Table legend: (Time is in decaauts)
 A = Elapsed time spent in this place.
 B = Non-inter-level travel time spent in this place.
 C = Inter-level travel time spent in this place.
 D = Time resting spent in this place.
 E = Time spent auto-exploring this place.
 F = Levels seen in this place.
 G = Mean time per level.
                   A        B        C        D        E       F      G
               +--------+--------+--------+--------+--------+-----+--------+
         Total |   3508 |   3388 |    120 |    557 |   2308 |   5 |  701.6 |
       Dungeon |   3228 |   3108 |    120 |    357 |   2275 |   4 |  807.0 |
         Sewer |    280 |    280 |      0 |    200 |     33 |   1 |  280.0 |
               +--------+--------+--------+--------+--------+-----+--------+

Top non-repeatable levels by time:
     D:2: 1454 daAuts
     D:1: 1011 daAuts
     D:3: 509 daAuts
   Sewer: 280 daAuts
     D:4: 252 daAuts
